 Dungeon Crawl Stone Soup version 0.30.0-29-ga12c61a403 (webtiles) character file.

Game seed: 2690381087217181633

197 H0rd4k the Charlatan (level 6, -1/44 HPs)
             Began as a Human Artificer on June 19, 2023.
             Killed by divine providence
             ... invoked by an orc priest
              (16 damage)
             ... on level 4 of the Dungeon.
             The game lasted 00:03:01 (2918 turns).

H0rd4k the Charlatan (Human Artificer)              Turns: 2918, Time: 00:03:01

Health: -1/44      AC:  7    Str: 12    XL:     6   Next: 5%
Magic:  6/6        EV: 12    Int: 14    God:
Gold:   217        SH:  0    Dex: 13    Spells: 5/5 levels left

rFire   . . .        u - +0 flail
rCold   . . .        (no shield)
rNeg    . . .        b - +0 leather armour
rPois   .            p - +2 helmet
rElec   .            (no cloak)
rCorr   .            (no gloves)
SInv    .            l - +0 pair of boots
Will    .....        (no amulet)
Stlth   ++           (no ring)
HPRegen 0.27/turn    (no ring)
MPRegen 0.10/turn

%: no passive effects
@: no status effects
A: no striking features
a: no special abilities


You were on level 4 of the Dungeon.
You visited 1 branch of the dungeon, and saw 4 of its levels.

You collected 217 gold pieces.

Inventory:

Hand Weapons
 u - a +0 flail (weapon)
Missiles
 n - 3 atropa-tipped darts
Armour
 b - a +0 leather armour (worn)
 l - a +0 pair of boots (worn)
 p - a +2 helmet (worn)
Magical Staves
 i - a staff of earth
Jewellery
 c - an amulet of regeneration
Wands
 d - a wand of charming (12)
 e - a wand of iceblast (4)
Scrolls
 g - 5 scrolls of enchant weapon {unknown}
 j - 2 scrolls of identify {unknown}
 m - 3 scrolls of teleportation {unknown}
 q - a scroll of magic mapping {unknown}
 r - a scroll of acquirement {unknown}
 t - a scroll of blinking {unknown}
 w - a scroll of amnesia {unknown}
Potions
 a - a potion of invisibility {unknown}
 f - 3 potions of lignification
 h - 2 potions of curing {unknown}
 k - a potion of attraction {unknown}
 o - 2 potions of mutation {unknown}
 s - a potion of flight {unknown}
 v - a potion of resistance {unknown}


   Skills:
 + Level 2.0 Fighting
 + Level 3.1 Maces & Flails
 - Level 2.0 Armour
 + Level 2.2 Dodging
 + Level 2.1 Stealth
 + Level 3.9 Evocations


You had 5 spell levels left.
You didn't know any spells.
Your spell library was empty.

Dungeon Overview and Level Annotations

Branches:
Dungeon (4/15)             Temple (0/1) D:4

Altars:
Elyvilon
Sif Muna

Shops:
D:1 ?   D:3 *


Message History

You barely miss the orc priest.
The orc priest is heavily wounded.
The orc priest barely misses you.
You hit the orc priest.
The orc priest is almost dead.
The orc priest calls down the wrath of Beogh upon you.
You barely resist.
The orc priest calls down the wrath of Beogh upon you.
Beogh smites you!
* * * LOW HITPOINT WARNING * * *
Aiming: Charm
Press: ? - help, Shift-Dir - straight line, f - orc priest
Aim: an orc priest, wielding a +0 hand axe and wearing a +0 leather armour (almost dead, chance to affect: 59%)
The orc priest is charmed.
What are your orders? t - Shout!
Orders for allies: a - Attack new target. p - Attack previous target. r - Retreat! s - Stop attacking. g - Guard the area. f - Follow me.
Anything else - Cancel.
Okay, then.
You swap places.
Found an escape hatch in the ceiling.
There is an escape hatch in the ceiling here.
The orc priest is no longer charmed.
The orc priest hits you but does no damage.
You closely miss the orc priest.
The orc priest is severely wounded.
The orc priest hits you with a +0 hand axe.
You barely miss the orc priest.
The orc priest is severely wounded.
The orc priest hits you with a +0 hand axe.
You hit the orc priest but do no damage.
The orc priest is severely wounded.
The orc priest casts a cantrip, but nothing happens.
The orc priest barely misses you.
You closely miss the orc priest.
The orc priest is severely wounded.
The orc priest invokes the aid of Beogh against you.
Beogh smites you!
You die...

#.##............+
#>..............#
#.##.###.....>..##.##
#....................
#####+##.####...##.###.##
#........# #...# .#
#........# #...# .#
#........# #..o# .#
#........# #..@# .#
#........# ##### .#
#####.##.# ....
#.##.####### #..
#.##.......###.#.# #.#
#.##.............. ...
#..............#.# #.# #
####.......#####.# #.# .#
######....[.....##.#
#.###.###


You could see an orc priest.

Vanquished Creatures
  An orc priest (D:3)
  Jessica (D:3)
  Terence (D:2)
  2 adders (D:2)
  11 ball pythons
  7 endoplasms
  5 giant cockroaches
  3 goblins
  4 hobgoblins
  4 jackals (D:2)
  4 quokkas
  6 bats
  3 frilled lizards
  4 kobolds
  6 rats (D:1)
62 creatures vanquished.

Vanquished Creatures (collateral kills)
  An orc priest (D:3)
  An orc (D:3)
2 creatures vanquished.

Vanquished Creatures (others)
  An orc (D:3)
1 creature vanquished.

Grand Total: 65 creatures vanquished

Notes
Turn   | Place    | Note
-------+----------+-------------------------------------------
     0 | D:1      | H0rd4k the Human Artificer began the quest for the Orb.
     0 | D:1      | Reached XP level 1. HP: 15/15 MP: 1/1
   117 | D:1      | Reached XP level 2. HP: 6/21 MP: 2/2
   448 | D:1      | Found Livu's Magic Scroll Emporium.
   449 | D:1      | Found a faded altar of an unknown god.
   514 | D:1      | Reached XP level 3. HP: 25/26 MP: 3/3
   949 | D:2      | Reached skill level 1 in Maces & Flails
  1224 | D:2      | Noticed Terence
  1265 | D:2      | Killed Terence
  1266 | D:2      | Reached XP level 4. HP: 13/32 MP: 4/4
  1888 | D:3      | Reached XP level 5. HP: 37/37 MP: 5/5
  2211 | D:3      | Found a white marble altar of Elyvilon.
  2266 | D:3      | Found Penez's Assorted Antiques.
  2474 | D:3      | Noticed Jessica
  2476 | D:3      | Killed Jessica
  2483 | D:3      | Found a shimmering blue altar of Sif Muna.
  2571 | D:3      | Reached XP level 6. HP: 41/44 MP: 6/6
  2868 | D:4      | Found a staircase to the Ecumenical Temple.
  2918 | D:4      | Killed from afar by an orc priest

Illustrated notes

Levels and vault maps discovered:
D:1:      dpeg_arrival_chambers_temple_mockup, layout_basic,
          ebering_ecumenical_altar_sacrificial, serial_shops, shop
D:2:      layout_rooms, uniq_terence
D:3:      layout_rooms, tgw_sif, elyvilon_altar_1, serial_shops,
          nicolae_shop_crystal, guppyfry_early_lair_pool
D:4:      layout_basic, riverfiend_overflow_shadow_ancestor,
          minmay_temple_entry_proselytizer, uniq_grinder

Skill      XL: |  1  2  3  4  5 |
---------------+----------------+-----
Maces & Flails | 1 3 |  3.1
Dodging        | 2 |  2.2
Stealth        | 2 |  2.1
Fighting       | 2 |  2.0
Armour         | |  2.0
Evocations     | |  3.9

Action                     |  1- 3 |  4- 6 || total
---------------------------+-------+-------++-------
  Melee: Club              |   142 |   104 ||   246
         Flail             |       |    37 ||    37
  Evoke: Wand              |    12 |     7 ||    19
    Use: Potion            |     1 |       ||     1
   Stab: Sleeping          |     4 |     4 ||     8
 Armour: Leather armour    |    62 |    62 ||   124
  Dodge: Dodged            |   112 |    97 ||   209
